 Dungeon Crawl Stone Soup version 0.24-a0-525-g9231cdcba1 (webtiles) character file.

Game seed: 15938108990973578151

15 BinkBink the Cudgeler (level 2, -7/28 HPs)
             Began as a Deep Dwarf Berserker on Aug 2, 2019.
             Was a Follower of Trog.
             Mangled by a gnoll
             ... wielding a +0 mace
              (11 damage)
             ... on level 1 of the Dungeon.
             The game lasted 00:00:29 (298 turns).

BinkBink the Cudgeler (Deep Dwarf Berserker)         Turns: 298, Time: 00:00:30

Health: -7/28      AC:  2    Str: 20    XL:     2   Next: 34%
Magic:  2/2        EV: 12    Int:  7    God:    Trog [*.....]
Gold:   0          SH:  0    Dex: 12    Spells: 1/1 levels left

rFire    . . .     SeeInvis .   a - +0 mace
rCold    . . .     Gourm    .   (no shield)
rNeg     . . .     Faith    .   b - +0 animal skin
rPois    .         Spirit   .   (no helmet)
rElec    .         Reflect  .   (no cloak)
rCorr    .         Harm     .   (no gloves)
MR       .....                  (no boots)
Stlth    +.........             (no amulet)
HPRegen  0.00/turn              (no ring)
MPRegen  0.08/turn              (no ring)

@: non-regenerating
A: damage resistance, heal wounds, sense surroundings 1, no regeneration
a: Heal Wounds, Berserk, Renounce Religion


You were on level 1 of the Dungeon.
You worshipped Trog.
Trog was aware of your devotion.
You were not hungry.

You visited 1 branch of the dungeon, and saw 1 of its levels.

Inventory:

Hand Weapons
 a - a +0 mace (weapon)
Armour
 b - a +0 animal skin (worn)
Scrolls
 d - 2 scrolls of teleportation {unknown}
 e - a scroll of fog {unknown}
Comestibles
 c - a ration


   Skills:
 + Level 3.0 Fighting
 + Level 3.3 Maces & Flails
 + Level 2.3 Armour
 + Level 2.3 Dodging


You had one spell level left.
You didn't know any spells.
Your spell library was empty.

Dungeon Overview and Level Annotations

Branches:
Dungeon (1/15)

Altars:


Innate Abilities, Weirdness & Mutations

You are resistant to damage.
You can heal yourself by infusing magical energy.
You passively map a small area around you.
You do not regenerate.


Message History

You hit the jackal.
You kill the jackal!
Trog accepts your kill.
You see here a jackal corpse.
You see here a jackal corpse.
e - a scroll labeled ZYNE QEFYTWALE You see here a jackal corpse.
A gnoll comes into view. It is wielding a +0 spear.
The gnoll shouts!
The gnoll unwields a +0 spear.
The gnoll drops a +0 spear.
The gnoll picks up a mace.
The gnoll wields a mace.
Found a +0 spear.
A gnoll is nearby!
You are too injured to fight recklessly!
You are too injured to fight recklessly!
You see here a chain mail.
The gnoll hits you with a +0 mace!
* * * LOW HITPOINT WARNING * * *
You barely miss the gnoll. The gnoll hits you with a +0 mace!
You die...

#.# #..##.# #.# #.÷##.#
*### # #.# #..##.. ..# #
#.# #..#### #.#
#####.#####..# #.#
...†......#..# #.#
.####.###.#..# #.# , .#
#.# #.#..#######.#######
.# #.#
#.#..[..@g.........#** .#
#.#
#.##.######...####.....,
.####.###.##............#*
*##)
........)......####...#.#
, .###.((#..####.#
##.##.## , .....#)....#
#.# #.....#####*
####...#.#.# #.#
##......... ##.##.#.# #.#
#....#### #.##.#.###.##
#.####


You could see a gnoll.

Vanquished Creatures
  A dart slug (D:1)
  A hobgoblin (D:1)
  4 jackals (D:1)
  2 kobolds (D:1)
  A bat (D:1)
  2 frilled lizards (D:1)
  2 rats (D:1)
13 creatures vanquished.

Notes
Turn   | Place    | Note
-------+----------+-------------------------------------------
     0 | D:1      | BinkBink the Deep Dwarf Berserker began the quest for the
                  | Orb.
     0 | D:1      | Reached XP level 1. HP: 20/20 MP: 1/1
     2 | D:1      | Noticed a minotaur
     2 | D:1      | Noticed a gargoyle
     4 | D:1      | Noticed a formicid
     4 | D:1      | Noticed a centaur
     8 | D:1      | Noticed a troll
     8 | D:1      | Noticed a human
    10 | D:1      | Noticed a halfling
    10 | D:1      | Noticed a naga
    12 | D:1      | Noticed a spriggan
    12 | D:1      | Noticed a vine stalker
    14 | D:1      | Noticed an ogre
    14 | D:1      | Noticed an octopode
    16 | D:1      | Noticed a ghoul
    18 | D:1      | Noticed a demonspawn
    18 | D:1      | Noticed a demigod
    20 | D:1      | Noticed a felid
    20 | D:1      | Noticed a dwarf
    22 | D:1      | Noticed a vampire
    22 | D:1      | Noticed a merfolk
    24 | D:1      | Noticed a tengu
    24 | D:1      | Noticed an elf
    26 | D:1      | Noticed a draconian
   193 | D:1      | Reached XP level 2. HP: 17/27 MP: 2/2
   298 | D:1      | Mangled by a gnoll

Levels and vault maps discovered:
D:1:      kb_arrival_jail, layout_loops_ring

Skill      XL: |  1  2 |
---------------+-------+-----
Fighting       | 3 |  3.0
Maces & Flails | |  3.3
Armour         | |  2.3
Dodging        | |  2.3

Action                   || total
-------------------------++-------
Melee: Mace              ||    36
Armor: Animal skin       ||     8
Dodge: Dodged            ||    37

Table legend:
 A = Non-vault XP
 B = Vault XP
 C = Vault XP percentage of total XP
 D = Non-vault monster count
 E = Vault monster count
 F = Vault count percentage of total count
                 A         B        C        D         E       F
            +---------+---------+-------+---------+---------+-------
      Total |      22 |       0 |   0.0 |      13 |       0 |   0.0
            +---------+---------+-------+---------+---------+-------
        D:1 |      22 |       0 |   0.0 |      13 |       0 |   0.0
            +---------+---------+-------+---------+---------+-------
